[Event "Early-Titled-Tuesday-Blitz-March-05-2024"]
[Site "Chess.com"]
[Date "2024.03.05"]
[Round "2"]
[White "francyIM"]
[Black "ATM622"]
[Result "0-1"]
[WhiteElo "2761"]
[BlackElo "2546"]
[TimeControl "180+1"]
[EndTime "8:16:53 PST"]
[Termination "ATM622 won by resignation"]

1. Nc3 d5 2. Nf3 Nf6 3. e3 g6 4.
Bb5+ c6 5. Be2 Bg7 6. d4 O-O 7. O-O Qc7 8. a4 Nbd7 9. a5 e5 10. dxe5 Nxe5 11. Bd2 Re8 12. h3 Ne4 13. Nxe4 Nxf3+ 14.
Bxf3 dxe4 15. Be2 Bxb2 16. Ra2 Be5 17. Qb1 Be6 18. Ra4 Rad8 19. Rd1 Bd5 20. Be1 Rd7 21. Rb4 Red8 22. c4 Be6 23. Rxd7 Rxd7 24. Qxe4 Bf5 25. Qf3 Qxa5 26. g4 Qa1 27. Rb3 Qxe1+ 28. Kg2 Be6 29. Bd3 Rxd3 30. Rxd3 Bxc4 31. Rd8+ Kg7 32. Rd1 Bf1+ 33.
Kg1 Be2+ 34. Rxe1 Bxf3 35. Ra1 Bxa1 0-1

[Event "Early-Titled-Tuesday-Blitz-March-05-2024"]
[Site "Chess.com"]
[Date "2024.03.05"]
[Round "2"]
[White "Gennady_Kozlov"]
[Black "inagreV"]
[Result "1-0"]
[WhiteElo "2675"]
[BlackElo "2382"]
[TimeControl "180+1"]
[EndTime "8:16:53 PST"]
[Termination "Gennady_Kozlov won by resignation"]

1. Nf3 Nf6 2. g3 b6 3. Bg2 Bb7 4. O-O g6 5. d4 Bg7 6. c4 O-O 7. Nc3 Ne4 8. Ne5 Nxc3 9. bxc3 Bxg2 10. Kxg2 c5 11. e4 Nc6 12. Nxc6 dxc6 13. Be3 cxd4 14. cxd4 c5 15. e5 cxd4 16. Qxd4 Qc7 17. f4 Rfd8 18. Qe4 Rac8 19. Rac1 e6 20. c5 b5 21. Rfd1 Bf8 22. h4 Rxd1 23. Rxd1 Bxc5 24. Rc1 Qb6 25. Qc2 Qb7+ 26.
Kh2 Bxe3 27. Qxc8+ Qxc8 28. Rxc8+ Kg7 29. Kg2 h5 30.
Kf3 Bb6 31. Rc2 b4 32. Rc6 Kf8 33. g4 hxg4+ 34. Kxg4 Ke8 35. Kg5 Kd7 36. Rc4 Bd8+ 37. Kh6 Bxh4 38. Kg7 Ke8 39. Rxb4 Bd8 40. Rb7 g5 41.
Rxf7 gxf4 42. Rxf4 Bc7 43. Rf8+ Kd7 44. Rf7+ Kc6 45.
Rxc7+ Kxc7 46. Kf6 Kd7 47. Kf7 a6 48. a4 a5 49. Kf6 Kd8 50. Kxe6 Ke8 51. Kd6 Kd8 52. e6 Ke8 53. e7 1-0

[Event "Early-Titled-Tuesday-Blitz-March-05-2024"]
[Site "Chess.com"]
[Date "2024.03.05"]
[Round "2"]
[White "IvanSoriano1"]
[Black "ilya2700"]
[Result "1-0"]
[WhiteElo "2579"]
[BlackElo "2349"]
[TimeControl "180+1"]
[EndTime "8:16:56 PST"]
[Termination "IvanSoriano1 won on time"]

1. d4 Nf6 2. c4 g6 3. Nc3 Bg7 4. e4 O-O 5. Nf3 d6 6. Be2 c5 7.
O-O cxd4 8. Nxd4 Nc6 9. Be3 Bd7 10. Nc2 Rc8 11. Qd2 Ng4 12. Bxg4 Bxg4 13. Rac1 a6 14. b3 Qa5 15. Nd4 Bd7 16. Rfd1 Rfd8 17. Nd5 Qxd2 18.
Rxd2 Kf8 19. Nb6 Rc7 20. Ne2 Ne5 21. f3 Bc6 22. Kf2 h5 23. Nf4 e6 24. Rcd1 Ke7 25. c5 d5 26. exd5 exd5 27. Nfxd5+ Bxd5 28. Nxd5+ Rxd5 29. Rxd5 Nc6 30. Bg5+ Ke8 31. Rd8+ 1-0

[Event "Early-Titled-Tuesday-Blitz-March-05-2024"]
[Site "Chess.com"]
[Date "2024.03.05"]
[Round "2"]
[White "twofoxniel"]
[Black "Iball95"]
[Result "0-1"]
[WhiteElo "2588"]
[BlackElo "2904"]
[TimeControl "180+1"]
[EndTime "8:16:57 PST"]
[Termination "Iball95 won by resignation"]

1. e4 c5 2. c3 e6 3. d4 d5 4.
exd5 exd5 5. Nf3 Nf6 6. Bb5+ Nc6 7. O-O Be7 8. dxc5 Bxc5 9. Nbd2 O-O 10. Nb3 Bb6 11. Bg5 Be6 12. h3 h6 13. Bh4 g5 14. Bg3 Ne4 15. Bh2 Qf6 16. Nfd4 Nxd4 17. cxd4 Rac8 18. f4 Qg6 19. fxg5 hxg5 20. Bd3 g4 21.
hxg4 Bxg4 22. Be2 Bxe2 23. Qxe2 Rfe8 24. Rf4 Ng3 25. Qf3 Ne2+ 26. Kh1 Nxf4 27. Qxf4 Re4 28.
Qf3 Rce8 29. Rf1 Re1 30. Rxe1 Rxe1+ 31. Bg1 Qh6+ 32. Qh3 Qxh3+ 33. gxh3 Re2 0-1

[Event "Early-Titled-Tuesday-Blitz-March-05-2024"]
[Site "Chess.com"]
[Date "2024.03.05"]
[Round "2"]
[White "rubicapa"]
[Black "SmirnovTimofey2000"]
[Result "1-0"]
[WhiteElo "2430"]
[BlackElo "1953"]
[TimeControl "180+1"]
[EndTime "8:16:57 PST"]
[Termination "rubicapa won by resignation"]

1. e4 e5 2. Bc4 Nf6 3. d3 c6 4. Bb3 Bc5 5. Nf3 d6 6. O-O O-O 7. Nbd2 Bg4 8. h3 Bh5 9. Re1 Nbd7 10.
Nf1 Re8 11. c3 a5 12. Ng3 Bg6 13. a4 Nh5 14. Nf1 Nf4 15. d4 Ba7 16. Ng3 Nh5 17. Nxh5 Bxh5 18. g4 Bg6 19. h4 h5 20. Ng5 exd4 21. gxh5 Bh7 22. Bxf7+ Kh8 23. Bg6 Bxg6 24. hxg6 dxc3 25. Nf7+ Kg8 26. Nxd8 Raxd8 27. Qh5 Nf6 28. Qxa5 Nxe4 29. Qxa7 1-0

[Event "Early-Titled-Tuesday-Blitz-March-05-2024"]
[Site "Chess.com"]
[Date "2024.03.05"]
[Round "2"]
[White "Semetey"]
[Black "nrvisakh"]
[Result "0-1"]
[WhiteElo "2594"]
[BlackElo "2917"]
[TimeControl "180+1"]
[EndTime "8:16:59 PST"]
[Termination "nrvisakh won on time"]

1. e4 e5 2. Nf3 Nf6 3. d3 Nc6 4. g3 g6 5. Bg2 Bg7 6. O-O O-O 7.
Nc3 Re8 8. h3 h6 9. Be3 d5 10.
Re1 d4 11. Bd2 dxc3 12. bxc3 Kh7 13. Nh4 Nh5 14. Nf5 Bf8 15. d4 Qf6 16. d5 Ne7 17.
Ne3 Ng8 18. c4 Bc5 19. Qe2 a5 20. Rab1 b6 21. Ng4 Bxg4 22. hxg4 Nxg3 23. Qf3 Qxf3 24. Bxf3 f5 25. Kg2 Nxe4 26. Bxe4 fxe4 27. Rxe4 Nf6 28. Re2 Nxg4 29. f3 Nf6 30. Rh1 Nh5 0-1

[Event "Early-Titled-Tuesday-Blitz-March-05-2024"]
[Site "Chess.com"]
[Date "2024.03.05"]
[Round "2"]
[White "xakevicius91"]
[Black "KVAIDAN"]
[Result "1-0"]
[WhiteElo "2555"]
[BlackElo "2334"]
[TimeControl "180+1"]
[EndTime "8:17:00 PST"]
[Termination "xakevicius91 won by resignation"]

1. e4 e5 2. Nf3 d5 3. exd5 e4 4. Qe2 Nf6 5. Nc3 Be7 6. Nxe4 Nxd5 7. Qd1 O-O 8. Be2 Re8 9. O-O Nc6 10. Nc3 Bg4 11. d4 Bf6 12. Nxd5 Qxd5 13. c3 Qh5 14. Be3 Rad8 15. h3 Bc8 16. Ne5 Qf5 17. Nxc6 bxc6 18. Bg4 Qd5 19. Bxc8 Rxc8 20. Qb3 Qf5 21. Qc4 Re6 22. b4 a5 23. a3 Bh4 24. Rae1 Rg6 25. Kh1 axb4 26. axb4 h6 27. Kh2 Qe4 28. g3 Qf3 29. Bf4 Rf6 30. Qe2 Qd5 31. Qe4 Qc4 32. gxh4 Qxc3 33. Bg3 Qxb4 34. d5 Qc5 35. dxc6 Rxc6 36.
Qe5 Qc2 37. Re2 Qg6 38. Rfe1 Re6 39. Qd5 Rxe2 40. Rxe2 c5 41. Qd7 Qa6 42. Re8+ Rxe8 43. Qxe8+ Kh7 44. Qe4+ g6 45. h5 Qc6 46. Qxc6 1-0

[Event "Early-Titled-Tuesday-Blitz-March-05-2024"]
[Site "Chess.com"]
[Date "2024.03.05"]
[Round "2"]
[White "Matalon"]
[Black "BeardedNM"]
[Result "1-0"]
[WhiteElo "2475"]
[BlackElo "2204"]
[TimeControl "180+1"]
[EndTime "8:17:00 PST"]
[Termination "Matalon won by resignation"]

1. e4 e6 2. d4 d5 3. Nd2 Be7 4. c3 c5 5. dxc5 Nf6 6. Bd3 dxe4 7. Nxe4 Nxe4 8. Bxe4 Qxd1+ 9. Kxd1 Bxc5 10. Ke2 Nc6 11. Be3 Bb6 12. Bxb6 axb6 13. Nf3 f6 14. Rhd1 e5 15.
Rd6 Ke7 16. Rd2 Be6 17. Bd5 Rhd8 18. Bxe6 Kxe6 19. a3 Na5 20. Rad1 Rxd2+ 21. Rxd2 Nc4 22. Rc2 Rd8 23. a4 Rc8 24. b3 Na5 25. Nd2 Nc6 26.
Nc4 b5 27. axb5 Ne7 28. Rd2 Rc5 29. Rd6+ Kf7 30. Rd7 b6 31. Kd3 Ke8 32. Rb7 Nc8 33. Nxb6 Rxb5 34. Nxc8 Rxb7 35. Nd6+ 1-0

[Event "Early-Titled-Tuesday-Blitz-March-05-2024"]
[Site "Chess.com"]
[Date "2024.03.05"]
[Round "2"]
[White "RamonManon0g"]
[Black "Arystanner"]
[Result "0-1"]
[WhiteElo "2418"]
[BlackElo "2890"]
[TimeControl "180+1"]
[EndTime "8:17:01 PST"]
[Termination "Arystanner won by resignation"]

1. e4 c5 2. Nf3 Nc6 3. Bb5 e6 4.
Bxc6 bxc6 5. c4 Ne7 6. d3 Ng6 7. O-O d6 8. Nc3 e5 9. h3 Be7 10. Nh2 O-O 11. Ne2 f5 12. f4 Be6 13. exf5 Bxf5 14.
g4 Bd7 15. f5 Nh4 16. Ng3 d5 17. Qe2 Bf6 18. Nh5 e4 19. Nxf6+ Qxf6 20. dxe4 Rae8 21. cxd5 cxd5 22. e5 Rxe5 23. Qd3 d4 24. Bf4 Ree8 25.
Qc4+ Kh8 26. Qxc5 d3 27. Bg3 Re2 28. Bxh4 Qf7 29. Qxa7 Rg2+ 30. Kh1 Rxg4 31. Qf2 Bc6+ 32. Nf3 Rf4 33. Qg3 Qxf5 34. Kg2 Bxf3+ 35. Rxf3 Rxf3 36. Qxf3 Qxf3+ 0-1

[Event "Early-Titled-Tuesday-Blitz-March-05-2024"]
[Site "Chess.com"]
[Date "2024.03.05"]
[Round "2"]
[White "ploxoi"]
[Black "yuriydovzik"]
[Result "1-0"]
[WhiteElo "2454"]
[BlackElo "2101"]
[TimeControl "180+1"]
[EndTime "8:17:01 PST"]
[Termination "ploxoi won by resignation"]

1. d4 Na6 2. c4 c5 3. Nf3 Nf6 4. Nc3 cxd4 5. Nxd4 Nc5 6. g3 d6 7. Bg2 e6 8. O-O Be7 9. b4 Ncd7 10. a3 O-O 11. e4 Rb8 12. Qe2 Re8 13. Be3 e5 14.
Nf5 b6 15. Rfd1 Nf8 16. Bg5 Bxf5 17. exf5 N8d7 18. Rac1 a6 19. h4 Qc7 20. Nd5 Nxd5 21. Bxd5 Nf6 22. Bxf6 Bxf6 23. Qe4 a5 24. Kg2 h6 25. Bc6 Red8 26. b5 Qe7 27. Rd5 Qf8 28.
a4 Be7 29. Rcd1 Kh8 30. R5d3 Qg8 31. Qd5 g6 32. Rf3 g5 33. f6 Bf8 34. hxg5 Qxg5 35. Rh1 Kg8 36. Qe4 d5 37. Bxd5 Rd6 38. Rh4 Qxf6 39. Rxf6 1-0

[Event "Early-Titled-Tuesday-Blitz-March-05-2024"]
[Site "Chess.com"]
[Date "2024.03.05"]
[Round "2"]
[White "SirStrateg"]
[Black "Supergiuly"]
[Result "1-0"]
[WhiteElo "2681"]
[BlackElo "2368"]
[TimeControl "180+1"]
[EndTime "8:17:03 PST"]
[Termination "SirStrateg won on time"]

1. d4 d5 2. Bf4 Nf6 3. e3 c5 4. c3 Nc6 5. Nd2 e6 6. Ngf3 Bd6 7. Bg3 O-O 8. Bd3 Ne7 9. Qb1 Ng6 10.
Ne5 Nh5 11. Nxg6 hxg6 12. Nf3 cxd4 13. exd4 Nf4 14. Bxf4 Bxf4 15. g3 Bh6 16. h4 Qf6 17.
Ne5 g5 18. hxg5 Qxg5 19. Kf1 Qf6 20. Kg2 Rd8 21. f4 Bd7 22. Ng4 Qe7 23. Nxh6+ gxh6 24. Rxh6 e5 25. Qh1 1-0

[Event "Early-Titled-Tuesday-Blitz-March-05-2024"]
[Site "Chess.com"]
[Date "2024.03.05"]
[Round "2"]
[White "Bernt42"]
[Black "LiadCuba"]
[Result "0-1"]
[WhiteElo "2268"]
[BlackElo "2506"]
[TimeControl "180+1"]
[EndTime "8:17:03 PST"]
[Termination "LiadCuba won by checkmate"]

1. e4 c5 2. c3 d5 3. exd5 Qxd5 4.
d4 Nc6 5. Nf3 Bg4 6. Be2 cxd4 7.
cxd4 e6 8. Nc3 Bb4 9. O-O Qa5 10.
h3 Bh5 11. d5 exd5 12. Nxd5 O-O-O 13. Qb3 Qxd5 14. Bc4 Qa5 15. Bg5 Nf6 16. Bxf7 Bxf7 17. Qxf7 Rd7 18. Qe6 Qd5 19. Qe2 Re8 20. Qc2 Qe4 21.
Qc1 Rd3 22. a3 Ba5 23. b4 Bc7 24. Re1 Qg6 25. Rxe8+ Nxe8 26. b5 Nd4 27. Ne5 Ne2+ 28. Kf1 Nxc1 29. Nxg6 Rd1# 0-1

[Event "Early-Titled-Tuesday-Blitz-March-05-2024"]
[Site "Chess.com"]
[Date "2024.03.05"]
[Round "2"]
[White "AttackSparrow"]
[Black "NikoTheodorou"]
[Result "0-1"]
[WhiteElo "2628"]
[BlackElo "3067"]
[TimeControl "180+1"]
[EndTime "8:17:05 PST"]
[Termination "NikoTheodorou won by resignation"]

1. Nf3 Nf6 2. e3 g6 3. d4 Bg7 4.
Be2 O-O 5. O-O d6 6. c4 e5 7. Nc3 e4 8. Nd2 Re8 9. Qc2 Bf5 10. b4 Nc6 11. b5 Nxd4 12. exd4 e3 13. Bd3 exd2 14. Bxd2 Be6 15. Rfe1 Ng4 16. h3 Nxf2 17. Kxf2 Qh4+ 18. Kg1 Bxh3 19. Be3 Rxe3 20. Rxe3 Bxd4 21. Nd5 Be6 22. Qf2 Qxf2+ 23. Kxf2 Bxd5 24. cxd5 Bxa1 25. Re7 Bd4+ 26. Kf3 Bb6 27. g4 Kf8 28. Re1 Re8 29. Rxe8+ Kxe8 30. a4 Ke7 31. g5 f6 32. Kg4 Be3 33. gxf6+ Kxf6 34. Kf3 Bd2 35. a5 Bxa5 0-1

[Event "Early-Titled-Tuesday-Blitz-March-05-2024"]
[Site "Chess.com"]
[Date "2024.03.05"]
[Round "2"]
[White "aljado"]
[Black "bancsoo"]
[Result "0-1"]
[WhiteElo "2061"]
[BlackElo "2926"]
[TimeControl "180+1"]
[EndTime "8:17:05 PST"]
[Termination "bancsoo won by resignation"]

1. e4 e5 2. Nf3 d6 3. d4 exd4 4. Nxd4 Nf6 5. Nc3 Be7 6. Bc4 O-O 7. O-O c6 8. a4 a5 9. h3 Na6 10.
Be3 Nc5 11. f3 Re8 12. Qe1 Bf8 13. Qh4 Qc7 14. Rae1 b6 15. Bg5 Be7 16. Nf5 Bxf5 17. exf5 d5 18. Bd3 h6 19. Bc1 Nxd3 20. cxd3 Ne4 21.
Qg4 Bc5+ 22. Be3 Nf6 23. Qh4 Bxe3+ 24. Kh1 Bd2 25. Rd1 Bxc3 26. bxc3 Qe5 27. g4 Qf4 28.
Qf2 Re3 29. Kg2 Rae8 30. Rd2 Nd7 31. Qh4 Ne5 32. Rdf2 Nxd3 33. Rd2 Re2+ 0-1

[Event "Early-Titled-Tuesday-Blitz-March-05-2024"]
[Site "Chess.com"]
[Date "2024.03.05"]
[Round "2"]
[White "PolandHussars"]
[Black "Rikikits"]
[Result "0-1"]
[WhiteElo "2559"]
[BlackElo "2834"]
[TimeControl "180+1"]
[EndTime "8:17:06 PST"]
[Termination "Rikikits won on time"]

1. e4 c6 2. Nc3 d5 3. Qf3 d4 4.
Bc4 e6 5. Nce2 Nd7 6. Qg3 Ndf6 7. d3 h5 8. h4 a5 9. a4 Ng4 10. Nf3 Bc5 11. O-O N8f6 12. e5 Ng8 13. Qf4 Ne7 14. Qg5 Nf5 15. Qxd8+ Kxd8 16. Ng3 Ke7 17. Ne4 Ba7 18. Bd2 Bb8 19. Ng3 Nxg3 20. fxg3 Nxe5 21. Nxd4 Ba7 22. Be3 Ng4 0-1

[Event "Early-Titled-Tuesday-Blitz-March-05-2024"]
[Site "Chess.com"]
[Date "2024.03.05"]
[Round "2"]
[White "Ykow"]
[Black "ChessboArt"]
[Result "1-0"]
[WhiteElo "2507"]
[BlackElo "2274"]
[TimeControl "180+1"]
[EndTime "8:17:07 PST"]
[Termination "Ykow won by resignation"]

1. e4 c6 2. Nf3 d5 3. e5 g6 4.
d4 Bg7 5. h3 Nh6 6. c4 O-O 7. Nc3 Be6 8. cxd5 Bxd5 9. Nxd5 cxd5 10. Bd3 Nc6 11. O-O f6 12. exf6 exf6 13. Qb3 Qd7 14. Re1 Rfe8 15. Bd2 Nf7 16. Bc3 f5 17. Qa4 h6 18. b4 a6 19. b5 axb5 20. Qxb5 Ng5 21. Nxg5 hxg5 22. a4 Kh7 23. Rab1 Rad8 24. Rxe8 Rxe8 25. Qxb7 Qd6 26. Rb6 Rb8 27. Rxc6 Rxb7 28.
Rxd6 Rb3 29. Rc6 Ra3 30. a5 1-0

[Event "Early-Titled-Tuesday-Blitz-March-05-2024"]
[Site "Chess.com"]
[Date "2024.03.05"]
[Round "2"]
[White "SlavenPastar"]
[Black "Firouzja2003"]
[Result "0-1"]
[WhiteElo "2639"]
[BlackElo "3219"]
[TimeControl "180+1"]
[EndTime "8:17:10 PST"]
[Termination "Firouzja2003 won by resignation"]

1. b3 e5 2. Bb2 Nc6 3. Nf3 d6 4. d4 e4 5. d5 exf3 6. dxc6 bxc6 7. gxf3 Nf6 8. Rg1 g6 9. Nc3 Bg7 10. Ne4 O-O 11. Nxf6+ Bxf6 12. Bxf6 Qxf6 13. Rc1 Re8 14. e3 a5 15. a4 d5 16. Be2 Rb8 17. Qd2 Rb4 18.
f4 d4 19. Rg3 Bf5 20. Kf1 Rd8 21. Rd1 Rd6 22. Qc1 c5 23. Bd3 dxe3 24. Bxf5 e2+ 25. Kxe2 Qxf5 26. Rxd6 cxd6 27. Rf3 Re4+ 28. Kf1 Qg4 29. Rg3 Qh4 30. Kg2 Rxf4 31. Qd2 Qf6 32. c4 Qf5 33. Rd3 Rxf2+ 34. Qxf2 Qxd3 35. Qf6 Qe2+ 36. Kg3 Qe5+ 37. Qxe5 dxe5 0-1

[Event "Early-Titled-Tuesday-Blitz-March-05-2024"]
[Site "Chess.com"]
[Date "2024.03.05"]
[Round "2"]
[White "MdChess1734"]
[Black "GaiozNigalidze"]
[Result "0-1"]
[WhiteElo "2388"]
[BlackElo "2696"]
[TimeControl "180+1"]
[EndTime "8:17:10 PST"]
[Termination "GaiozNigalidze won on time"]

1. e4 g6 2. d4 Bg7 3. Nc3 a6 4. a4 d6 5. Nf3 Bg4 6. Be2 Nc6 7. Be3 Bxf3 8. Bxf3 e5 9. d5 Nd4 10. Bxd4 exd4 11.
Ne2 Qf6 12. Qd3 Ne7 13. Rd1 c5 14. Qb3 O-O 15. O-O Rab8 16. a5 h5 17. g3 c4 18.
Qxc4 Qxf3 19. Nxd4 Qxe4 20. Rfe1 Qxd5 21. Qxd5 Nxd5 22. Nb3 Nc7 23. Rxd6 Bxb2 24. Rb6 Nd5 25. Rd6 Rbd8 26. Rxd8 Rxd8 27. Rd1 Bf6 28. Nc5 Nb4 29. Rxd8+ Bxd8 30. Nxb7 Bc7 31. c3 Nc6 32. Nc5 Bxa5 33. Nxa6 Bxc3 34. Kf1 Kg7 35. Nc5 Bd4 36.
Nd3 Kf6 37. Ke2 Kf5 38. h3 g5 0-1

[Event "Early-Titled-Tuesday-Blitz-March-05-2024"]
[Site "Chess.com"]
[Date "2024.03.05"]
[Round "2"]
[White "wild3000"]
[Black "LuisFSiles"]
[Result "1-0"]
[WhiteElo "2490"]
[BlackElo "2247"]
[TimeControl "180+1"]
[EndTime "8:17:10 PST"]
[Termination "wild3000 won on time"]

1. d4 Nf6 2. g3 g6 3. Bg2 Bg7 4. e4 d6 5. Nc3 O-O 6. h3 Nc6 7.
Be3 e5 8. d5 Nd4 9. Nge2 c5 10.
dxc6 bxc6 11. Nxd4 exd4 12. Bxd4 Ba6 13. Qd2 Re8 14. O-O-O Qa5 15. Kb1 c5 16. Be3 Rab8 17. b3 Nd7 18. Nd5 Qa3 19. Qc1 Qa5 20. Bd2 Qa4 21.
Bc3 Ne5 22. Bb2 Qd7 23. f4 Nc4 24. Nf6+ Bxf6 25. Bxf6 Qe6 26. e5 dxe5 27. fxe5 Nxe5 28. Rhf1 c4 29. Qh6 Qxf6 30. Rxf6 cxb3 31. axb3 1-0

[Event "Early-Titled-Tuesday-Blitz-March-05-2024"]
[Site "Chess.com"]
[Date "2024.03.05"]
[Round "2"]
[White "volodja49"]
[Black "Salem-AR"]
[Result "0-1"]
[WhiteElo "2618"]
[BlackElo "3031"]
[TimeControl "180+1"]
[EndTime "8:17:11 PST"]
[Termination "Salem-AR won by resignation"]

1. d4 Nf6 2. c4 g6 3. Nc3 d5 4. cxd5 Nxd5 5. e4 Nxc3 6. bxc3 Bg7 7. Be3 c5 8. Qd2 Qa5 9. Rc1 cxd4 10. cxd4 Qxd2+ 11. Kxd2 O-O 12. Nf3 Rd8 13. Bd3 Nc6 14. Rc4 Bg4 15.
d5 Bxf3 16. gxf3 Ne5 17. Rc7 e6 18. f4 exd5 19. fxe5 dxe4 20. f4 Rxd3+ 21. Ke2 Ra3 22. Rc2 f6 23. exf6 Bxf6 24. Rd1 Re8 25. Rd7 Re7 26.
Rd8+ Kf7 27. Bc5 Rc7 28. Rf8+ Kg7 29. Rxf6 Rxc5 30. Rxg6+ hxg6 31. Rxc5 Kf6 32. Rc7 b5 33. Rb7 a6 34. h3 Ke6 35. Ra7 b4 36. Kf2 a5 37. Ke2 a4 38. Rb7 Rxa2+ 39. Ke3 Rb2 40.
Kxe4 a3 41. Rb6+ Kd7 42. Ra6 a2 43. Kd5 b3 44. Ra7+ Kc8 45. Kc6 Rc2+ 46. Kb6 b2 47. Rxa2 b1=Q+ 0-1

[Event "Early-Titled-Tuesday-Blitz-March-05-2024"]
[Site "Chess.com"]
[Date "2024.03.05"]
[Round "2"]
[White "GMSrinath"]
[Black "Viacheslav92"]
[Result "1-0"]
[WhiteElo "2815"]
[BlackElo "2544"]
[TimeControl "180+1"]
[EndTime "8:17:11 PST"]
[Termination "GMSrinath won by resignation"]

1. e4 e5 2. Nf3 Nc6 3. Bb5 a6 4. Ba4 Nf6 5. O-O Be7 6. d3 b5 7. Bb3 d6 8. a4 Rb8 9. Nc3 O-O 10. Ne2 Be6 11. Bxe6 fxe6 12. axb5 axb5 13. Ng3 b4 14. c3 bxc3 15. bxc3 Qe8 16. h3 Nh5 17. Nxh5 Qxh5 18. Ra6 Nd8 19. Be3 Nf7 20. Ra7 Bd8 21. Nd2 Qxd1 22. Rxd1 d5 23. Ra6 Re8 24. Rc6 Nd6 25. Ra1 Kf7 26. Ra5 Rb5 27. Rxb5 Nxb5 28. exd5 exd5 29.
Rc5 Nxc3 30. Rxc3 d4 31. Rc4 dxe3 32. fxe3 Ke6 33. Kf2 Kd7 34. Ke2 Be7 35. Rg4 Bf6 36. Ne4 Ke6 37. Nc5+ Kd6 38. Rc4 c6 39. g4 h6 40.
Ne4+ Kc7 41. Ra4 Kb7 42. Nd6+ 1-0

[Event "Early-Titled-Tuesday-Blitz-March-05-2024"]
[Site "Chess.com"]
[Date "2024.03.05"]
[Round "2"]
[White "Cambek64"]
[Black "UnTucopalaTimba"]
[Result "1-0"]
[WhiteElo "2438"]
[BlackElo "1994"]
[TimeControl "180+1"]
[EndTime "8:17:12 PST"]
[Termination "Cambek64 won by resignation"]

1. e4 c6 2. d4 d5 3. Nc3 dxe4 4.
Nxe4 Bf5 5. Ng3 Bg6 6. Nf3 Nd7 7. h4 h6 8. h5 Bh7 9. Bd3 Bxd3 10. Qxd3 e6 11.
Bd2 Ngf6 12. O-O-O Be7 13. Kb1 O-O 14. Ne4 Nxe4 15.
Qxe4 Nf6 16. Qe2 Qd5 17. c4 Qe4+ 18. Qxe4 Nxe4 19. Be3 f5 20. Nd2 Nxd2+ 21. Bxd2 Rad8 22. Bc3 c5 23. dxc5 Bxc5 24. f3 Rfe8 25. Rhe1 Kf7 26. Be5 b6 27. Kc2 Rxd1 28. Rxd1 Re7 29. Kc3 a5 30.
Kb3 g5 31. hxg6+ Kxg6 32. Ka4 h5 33. a3 Bf2 34. Kb5 h4 35. b4 axb4 36. axb4 Kf7 37. Rd6 Rb7 38. Rc6 Rd7 39. Bc7 Kf6 40. Bxb6 Be1 41. c5 Rd4 42. Ba5 Bf2 43. Rc8 Kf7 44. c6 Ke7 45. c7 Kd7 46. Rd8+ Ke7 47. Rxd4 Bxd4 48. c8=Q 1-0

[Event "Early-Titled-Tuesday-Blitz-March-05-2024"]
[Site "Chess.com"]
[Date "2024.03.05"]
[Round "2"]
[White "KanalSzachowy"]
[Black "klercaku"]
[Result "1-0"]
[WhiteElo "2465"]
[BlackElo "2178"]
[TimeControl "180+1"]
[EndTime "8:17:13 PST"]
[Termination "KanalSzachowy won on time"]

1. e4 e5 2. Nf3 Nc6 3. Bc4 Bc5 4. c3 Nf6 5. d4 exd4 6. cxd4 Bb4+ 7. Nbd2 Nxe4 8. d5 Ne7 9. O-O Nxd2 10. Nxd2 d6 11. a3 Ba5 12. Qa4+ c6 13. dxc6 bxc6 14. Re1 O-O 15.
Rxe7 Qxe7 16. Qxa5 Qe1+ 17. Bf1 Be6 18. Qc3 c5 19. Qg3 Qe5 20. Qxe5 dxe5 21. Nf3 e4 22. Ng5 Bf5 23. Be3 h6 24. g4 Bg6 25. Nh3 Rac8 26.
Bc4 Kh7 27. Nf4 Rfd8 28. h4 h5 29. gxh5 Bf5 30. Bxf7 c4 31. Bg6+ Bxg6 32. hxg6+ Kg8 33. Rc1 Rb8 34. Rc2 a5 35. h5 Rd1+ 36. Kg2 Rb1 37. Bd4 a4 38. Rxc4 1-0

[Event "Early-Titled-Tuesday-Blitz-March-05-2024"]
[Site "Chess.com"]
[Date "2024.03.05"]
[Round "2"]
[White "ozates"]
[Black "BogdanDeac"]
[Result "0-1"]
[WhiteElo "2612"]
[BlackElo "2997"]
[TimeControl "180+1"]
[EndTime "8:17:14 PST"]
[Termination "BogdanDeac won by resignation"]

1. e4 c5 2. Nf3 d6 3. Bb5+ Nd7 4. O-O a6 5. Bd3 Ngf6 6. Re1 e6 7. c3 b5 8. Bc2 c4 9. a4 Bb7 10. d4 cxd3 11. Bxd3 bxa4 12. Nbd2 Be7 13. Bc2 Nc5 14. Nc4 Bxe4 15. Bxa4+ Kf8 16. Ng5 Bg6 17. Bf4 Nd3 18.
Bxd6 Bxd6 19. Rxe6 Bf4 20. Qf3 Rb8 21. Rxa6 Bxg5 22.
Rd6 Qe7 23. Rd1 Be4 24. Qg3 Bf4 0-1

[Event "Early-Titled-Tuesday-Blitz-March-05-2024"]
[Site "Chess.com"]
[Date "2024.03.05"]
[Round "2"]
[White "Mikhail_Golubev"]
[Black "Hikaru"]
[Result "0-1"]
[WhiteElo "2646"]
[BlackElo "3281"]
[TimeControl "180+1"]
[EndTime "8:17:16 PST"]
[Termination "Hikaru won on time"]

1. e4 d5 2. exd5 Qxd5 3. Nf3 Bf5 4. d4 e6 5. Be2 Nc6 6. c4 Qd7 7. O-O Nf6 8. Nc3 Rd8 9. Be3 Be7 10. h3 O-O 11. a3 Ne4 12. Re1 Bf6 13. Qb3 Nxd4 14.
Nxd4 Bxd4 15. Rad1 e5 16. Qxb7 Nd6 17. Qd5 Be6 18.
Qa5 Nxc4 19. Bxc4 Bxc4 20. Bxd4 exd4 21. Qxa7 d3 22. Qc5 d2 23. Qxc4 dxe1=Q+ 24. Rxe1 Qd2 25.
Re2 Qc1+ 26. Kh2 Rd1 27. Qxc7 Rh1+ 28. Kg3 Qg5+ 29. Kf3 Qh5+ 30. Kg3 Qg6+ 31. Kf3 Rg1 32. Qg3 Qc6+ 33. Kg4 Rxg2 0-1

[Event "Early-Titled-Tuesday-Blitz-March-05-2024"]
[Site "Chess.com"]
[Date "2024.03.05"]
[Round "2"]
[White "N4700000"]
[Black "Mops_2004"]
[Result "0-1"]
[WhiteElo "2497"]
[BlackElo "2849"]
[TimeControl "180+1"]
[EndTime "8:17:17 PST"]
[Termination "Mops_2004 won on time"]

1. e4 g6 2. d4 Bg7 3. h4 h6 4. Bc4 c5 5. d5 b5 6. Be2 Bb7 7. a4 a6 8. axb5 axb5 9. Rxa8 Bxa8 10. Na3 Nf6 11. f3 b4 12. Nc4 O-O 13. Nh3 e6 14. d6 Nh5 15. Nf2 Ng3 16. Rh3 Nxe2 17. Qxe2 Nc6 18.
Be3 Nd4 19. Qd2 f5 20. c3 bxc3 21. bxc3 Nb5 22. e5 Bd5 23. Qd3 Qa8 24. Nd1 Rb8 25. Rg3 Kh7 26. Bxc5 Qc6 0-1

[Event "Early-Titled-Tuesday-Blitz-March-05-2024"]
[Site "Chess.com"]
[Date "2024.03.05"]
[Round "2"]
[White "Alexei_Gubajdullin"]
[Black "Darius321"]
[Result "0-1"]
[WhiteElo "2645"]
[BlackElo "2380"]
[TimeControl "180+1"]
[EndTime "8:17:17 PST"]
[Termination "Darius321 won by checkmate"]

1. Nf3 d5 2. g3 g6 3. Bg2 Bg7 4. O-O e5 5. d3 Ne7 6. Nbd2 O-O 7. e4 c6 8. Re1 Qc7 9. Qe2 d4 10. a4 c5 11. Nc4 Nbc6 12. Bd2 Be6 13. Ng5 Bxc4 14.
dxc4 h6 15. Nh3 Kh7 16. f3 f5 17. Nf2 f4 18. Nd3 b6 19. gxf4 exf4 20. e5 g5 21. Qe4+ Kh8 22. h4 Nf5 23. hxg5 hxg5 24. Bh3 Nce7 25. Kf2 Ng3 26. Qxa8 Rxa8 27. Be6 Ng6 28.
Rh1+ Nxh1+ 29. Rxh1+ Nh4 30. Nxf4 Bxe5 31. Ng6+ Kg7 32.
Nxh4 gxh4 33. Bd5 Bg3+ 34. Kg2 Re8 35. Kf1 Qe5 36. Be4 d3 37. cxd3 Qxb2 38. Bg5 Qf2# 0-1

[Event "Early-Titled-Tuesday-Blitz-March-05-2024"]
[Site "Chess.com"]
[Date "2024.03.05"]
[Round "2"]
[White "ACollins05"]
[Black "lilleper1"]
[Result "0-1"]
[WhiteElo "2590"]
[BlackElo "2906"]
[TimeControl "180+1"]
[EndTime "8:17:18 PST"]
[Termination "lilleper1 won by resignation"]

1. d4 Nf6 2. c4 e6 3. Nf3 c5 4.
d5 exd5 5. cxd5 d6 6. Nc3 g6 7. e4 Bg7 8. h3 O-O 9. Bg5 Re8 10. Bd3 h6 11. Be3 c4 12. Bc2 b5 13. a3 Ba6 14.
O-O Nbd7 15. Qd2 Kh7 16. Rfe1 Qc7 17. Nd4 Rab8 18. Nc6 Ra8 19. Nd4 Qb7 20. f3 Nc5 21. b4 cxb3 22. Nxb3 Nxb3 23. Bxb3 Nd7 24. Rac1 b4 25.
axb4 Qxb4 26. Bd1 Nc5 27. Be2 Bxe2 28. Rxe2 Nb3 29. Qb2 Rac8 30. Na2 Rxc1+ 31. Bxc1 Bxb2 32. Nxb4 Bxc1 33. Nc6 a5 34. Rc2 a4 35. Rc4 a3 36.
Ra4 Kg7 37. Kf1 Bb2 38. Ke2 a2 0-1